 Dungeon Crawl Stone Soup version 0.20-a0-687-g5abc3fc (webtiles) character file.

11692 Devintownsend the Tortoise (level 11, -3/106 HPs)
             Began as a Minotaur Fighter on Feb 18, 2017.
             Was a High Priest of Okawaru.
             Slain by a seven-headed hydra (6 damage)
             ... on level 11 of the Dungeon.
             The game lasted 00:54:04 (10117 turns).

Devintownsend the Tortoise (Minotaur Fighter)      Turns: 10117, Time: 00:54:06

Health: -3/106     AC: 18    Str: 22 (24) XL:     11   Next: 52%
Magic:  10/10      EV:  7    Int:  2 (5)  God:    Okawaru [*****.]
Gold:   497        SH:  6    Dex:  7 (10) Spells: 10/10 levels left

rFire    . . .     SeeInvis .   E - +1 war axe (vamp)
rCold    . . .     Gourm    .   r - +0 plate armour
rNeg     . . .     Faith    .   G - +1 buckler
rPois    .         Spirit   .   (helmet restricted)
rElec    .         Reflect  .   (no cloak)
rCorr    +         Harm     .   (no gloves)
MR       .....                  q - +0 pair of boots
Stlth    ..........             A - amulet of regeneration
Regen    0.7/turn               Y - ring of resist corrosion
MPRegen  0.2/turn               g - ring of stealth

@: about to teleport
A: retaliatory headbutt, horns 2
a: Heroism, Finesse, Renounce Religion


You were on level 11 of the Dungeon.
You worshipped Okawaru.
Okawaru was extremely pleased with you.
You were not hungry.

You visited 2 branches of the dungeon, and saw 13 of its levels.
You also visited: Sewer.

You collected 698 gold pieces.
You spent 201 gold pieces at shops.

Inventory:

Hand Weapons
 w - a +2 flail of holy wrath
 y - a +4 war axe
 C - a +1 whip of flaming
 E - a +1 vampiric war axe (weapon)
Armour
 c - a +0 shield of protection
 q - a +0 pair of boots (worn)
 r - a +0 plate armour (worn)
 G - a +1 buckler (worn)
 M - a +0 cloak
 N - a scarf of spirit shield
 O - a +0 troll leather armour
Jewellery
 g - a ring of stealth (left hand)
 A - an amulet of regeneration (around neck)
 K - an uncursed ring of teleportation
 P - an uncursed amulet of rage
 Y - a ring of resist corrosion (right hand)
Wands
 a - a wand of flame (14/48)
 l - a wand of confusion (20/48)
 s - a wand of flame (17/48)
 t - a wand of confusion (21/48)
 B - a wand of clouds (7/9)
 F - a wand of polymorph (0/24)
 H - a wand of polymorph (0/24)
 I - a wand of iceblast (14/15)
Scrolls
 e - 3 scrolls of fog
 j - 5 scrolls of teleportation
 m - 12 scrolls of identify
 v - 2 scrolls of amnesia
 x - 3 scrolls of recharging
 D - 2 scrolls of enchant armour
 J - a scroll of magic mapping
 X - a scroll of remove curse
Potions
 d - 3 potions of might
 h - a potion of curing
 i - a potion of heal wounds
 k - 2 potions of magic
 n - a potion of flight
 u - 2 potions of agility
 W - 2 potions of brilliance
Books
 L - a book of Air

   Spells                             Type                      Level
   a - Shock                          Conjuration/Air              1
   b - Swiftness                      Charms/Air                   2
   c - Static Discharge               Conjuration/Air              3
   d - Airstrike                      Air                          4
   e - Lightning Bolt                 Conjuration/Air              5
 S - a book of Changes

   Spells                             Type                      Level
   a - Beastly Appendage              Transmutation                1
   b - Sticks to Snakes               Transmutation                2
   c - Spider Form                    Transmutation/Poison         3
   d - Ice Form                       Ice/Transmutation            4
   e - Blade Hands                    Transmutation                5
 T - a book of Enchantments

   Spells                             Type                      Level
   a - Cause Fear                     Hexes                        4
   b - Yara's Violent Unravelling     Hexes/Transmutation          5
   c - Silence                        Hexes/Air                    5
   d - Deflect Missiles               Charms/Air                   6
   e - Discord                        Hexes                        8
 V - a book of Necromancy

   Spells                             Type                      Level
   a - Pain                           Necromancy                   1
   b - Animate Skeleton               Necromancy                   1
   c - Vampiric Draining              Necromancy                   3
   d - Regeneration                   Charms/Necromancy            3
   e - Animate Dead                   Necromancy                   4
   f - Control Undead                 Necromancy                   4
Comestibles
 b - a chunk of flesh
 f - 10 bread rations
 o - 5 royal jellies
 p - 9 fruits
 z - 4 meat rations


   Skills:
 + Level 12.9 Fighting
 - Level 5.5 Axes
 - Level 0.2(3.4) Maces & Flails
 * Level 15.6 Armour
 - Level 7.0 Shields


You had 10 spell levels left.
You didn't know any spells.

Dungeon Overview and Level Annotations

Branches:
Dungeon (12/15)            Temple (1/1) D:5            Lair (0/6) D:11
    Orc (0/2) D:11

Altars:
Ashenzari
Cheibriados
Dithmenos
Elyvilon
Fedhas
Gozag
Hepliaklqana
Kikubaaqudgha
Makhleb
Nemelex Xobeh
Okawaru
Qazlal
Ru
Sif Muna
Trog
Uskayaw
Vehumet
Xom
Yredelemnul
Zin
The Shining One
Beogh

Shops:
D:6 }   D:11 [


Innate Abilities, Weirdness & Mutations

You reflexively headbutt those who attack you in melee.
You have a pair of horns on your head.


Message History

The seven-headed hydra bites you but does no damage. x3
The seven-headed hydra bites you!
The seven-headed hydra bites you but does no damage.
The seven-headed hydra bites you!
* * * LOW HITPOINT WARNING * * *
The seven-headed hydra bites you.
* * * LOW HITPOINT WARNING * * *
As you read the scroll of teleportation, it crumbles to dust.
You feel strangely unstable. The seven-headed hydra bites you.
* * * LOW HITPOINT WARNING * * *
The seven-headed hydra bites you.
* * * LOW HITPOINT WARNING * * *
You block the seven-headed hydra's attack.
The seven-headed hydra bites you!
* * * LOW HITPOINT WARNING * * *
The seven-headed hydra bites you!
* * * LOW HITPOINT WARNING * * *
The seven-headed hydra barely misses you.
The seven-headed hydra bites you.
You die...

#.#.#..#### #.#### ##.........#
#..... ........K..# ######
.......Y...# ###### #.##...((..#
#..... .......))..# #.#### #
###........# #.# ...
#....>..K########## #.# #
#.####......YYD@......# #.# #
#..).#...∩...########.#####.####
#.##.#.......# #.#.........
#....#.......# #.#.###.####
##...)#.......# #.#.# #.# #
......#.##.#..# #...# #.# #
......)......## ##### #.#
.....)######## ########.#
.......)[)[..# #........#


You could see a seven-headed hydra, a yak, a big kobold and a dream sheep.

Vanquished Creatures
  2 two-headed ogres
  Pikel (D:5)
  A cyclops (D:11)
  Joseph (D:7)
  A centaur skeleton (D:11)
  3 trolls
  A slime creature (D:8)
  5 hippogriffs
  A dream sheep (D:11)
  Sigmund (D:5)
  A wyvern (D:12)
  A vampire (D:12)
  Eustachio (D:6)
  Duvessa (D:5)
  14 orc warriors
  3 sky beasts
  4 ice beasts
  3 phantoms
  A black bear (D:9)
  2 ogres
  2 eyes of draining (D:10)
  2 centaurs
  2 crocodiles
  2 big kobolds (D:11)
  5 bullfrogs
  A gnoll sergeant (D:8)
  Dowan (D:5)
  A wyvern zombie (D:11)
  5 scorpions
  10 killer bees
  3 wights (D:10)
  5 howler monkeys
  5 crimson imps
  A bullfrog zombie (D:9)
  A quasit (D:9)
  Crazy Yiuf (D:7)
  5 hounds
  6 orc priests
  3 bullfrog skeletons
  A jelly (D:8)
  An iguana (D:9)
  5 worker ants
  13 orc wizards
  A hound skeleton (D:9)
  3 worker ant zombies
  9 gnolls
  17 adders
  A howler monkey skeleton (D:4)
  2 river rats
  2 shadow imps
  2 oozes
  3 worms
  2 dart slugs
  6 leopard geckos
  58 orcs
  4 ball pythons
  6 giant cockroaches
  6 goblins
  A hobgoblin (D:2)
  26 jackals
  5 kobolds
  3 quokkas
  5 bats
  16 frilled lizards
  A leopard gecko skeleton (D:6)
  A quokka skeleton (D:9)
  10 rats
  2 fungi (D:11)
321 creatures vanquished.

Vanquished Creatures (others)
  A sky beast (D:6)
  A howler monkey (D:5)
  A worm (D:5)
  4 fungi (D:11)
  A plant (D:11)
8 creatures vanquished.

Grand Total: 329 creatures vanquished

Notes
Turn   | Place    | Note
-------+----------+-------------------------------------------
     0 | D:1      | Devintownsend the Minotaur Fighter began the quest for the Orb.
     0 | D:1      | Reached XP level 1. HP: 19/19 MP: 0/0
    88 | D:1      | Reached XP level 2. HP: 26/27 MP: 1/1
   344 | D:1      | Reached skill level 4 in Armour
   603 | D:2      | Reached XP level 3. HP: 32/33 MP: 2/2
   939 | D:2      | Found a sacrificial altar of Ru.
   997 | D:2      | Reached XP level 4. HP: 40/40 MP: 3/3
  1435 | D:3      | Found a hazy altar of Hepliaklqana.
  1479 | D:3      | Found a shadowy altar of Dithmenos.
  1568 | D:3      | Found an opulent altar of Gozag.
  1644 | D:3      | Found a glowing drain.
  1659 | Sewer    | Entered a sewer
  1827 | Sewer    | Reached XP level 5. HP: 46/46 MP: 4/4
  2513 | D:3      | Reached skill level 5 in Armour
  2513 | D:3      | Reached skill level 5 in Shields
  2720 | D:4      | Reached XP level 6. HP: 46/53 MP: 5/5
  2754 | D:4      | Reached skill level 5 in Axes
  2782 | D:4      | Found a sparkling altar of Nemelex Xobeh.
  2955 | D:4      | HP: 2/53 [orc wizard/magic dart (2)]
  2962 | D:4      | Reached skill level 6 in Armour
  2962 | D:4      | Reached XP level 7. HP: 30/60 MP: 6/6
  3284 | D:5      | Entered Level 5 of the Dungeon
  3337 | D:5      | Noticed Pikel
  3366 | D:5      | Killed Pikel
  3366 | D:5      | Reached skill level 8 in Armour
  3366 | D:5      | Reached XP level 8. HP: 57/70 MP: 7/7
  3370 | D:5      | Upgraded the game from 0.20-a0-675-gf8c7c87 to 0.20-a0-687-g5abc3fc
  3419 | D:5      | Reached skill level 9 in Armour
  3427 | D:5      | Noticed Duvessa
  3437 | D:5      | Noticed Dowan
  3441 | D:5      | Killed Duvessa
  3445 | D:5      | Killed Dowan
  3664 | D:5      | Reached skill level 10 in Armour
  3674 | D:5      | Found a blossoming altar of Fedhas.
  3861 | D:5      | Found a staircase to the Ecumenical Temple.
  3872 | Temple   | Entered the Ecumenical Temple
  3885 | Temple   | Became a worshipper of Warmaster Okawaru
  3948 | D:5      | Noticed Sigmund
  3954 | D:5      | Killed Sigmund
  4155 | D:6      | Found a blossoming altar of Fedhas.
  4409 | D:6      | Found Amooquc's Quality Used Wands.
  4442 | D:6      | Reached XP level 9. HP: 61/79 MP: 8/8
  4447 | D:6      | Reached skill level 11 in Armour
  4471 | D:6      | Bought a wand of polymorph (0/24) for 24 gold pieces
  4471 | D:6      | Bought a wand of polymorph (0/24) for 24 gold pieces
  4526 | D:6      | Noticed Eustachio
  4571 | D:6      | Killed Eustachio
  4900 | D:7      | Noticed Joseph
  4923 | D:7      | Killed Joseph
  4923 | D:7      | Reached * piety under Okawaru
  5069 | D:7      | Reached skill level 12 in Armour
  5594 | D:7      | Reached ** piety under Okawaru
  5752 | D:7      | Found a white marble altar of Elyvilon.
  5825 | D:7      | Found a runed door.
  5829 | D:7      | Noticed Crazy Yiuf
  5832 | D:7      | Killed Crazy Yiuf
  5885 | D:7      | Reached XP level 10. HP: 92/92 MP: 9/9
  5941 | D:8      | Reached skill level 13 in Armour
  6071 | D:8      | Reached skill level 10 in Fighting
  6087 | D:8      | Noticed a two-headed ogre
  6223 | D:8      | Killed a two-headed ogre
  6260 | D:8      | Reached *** piety under Okawaru
  6972 | D:9      | Noticed a two-headed ogre
  6995 | D:9      | Killed a two-headed ogre
  7074 | D:9      | Found a shattered altar of Ashenzari.
  7215 | D:9      | Reached skill level 14 in Armour
  7629 | D:9      | Reached **** piety under Okawaru
  8027 | D:10     | Entered Level 10 of the Dungeon
  8669 | D:10     | Reached XP level 11. HP: 102/102 MP: 10/10
  9164 | D:11     | Received a gift from Okawaru
  9200 | D:11     | Found a staircase to the Lair.
  9297 | D:11     | Reached skill level 15 in Armour
  9347 | D:11     | You fall through a shaft!
  9629 | D:11     | Reached ***** piety under Okawaru
  9725 | D:11     | Found a roughly hewn altar of Beogh.
  9821 | D:11     | Found Haiw's Armour Boutique.
  9845 | D:11     | Received a gift from Okawaru
  9868 | D:11     | Found a staircase to the Orcish Mines.
 10001 | D:11     | Bought a scarf of spirit shield for 153 gold pieces
 10091 | D:11     | Noticed a three-headed hydra
 10117 | D:11     | HP: 3/106 [seven-headed hydra (9)]
 10117 | D:11     | Slain by a seven-headed hydra

Vault maps used:
D:1:      dpeg_arrival_long_road, serial_bayou_pond_d
D:2:      nicolae_ru_the_path_less_chosen, moated_statue
D:3:      lemuel_crystal_altar, nicolae_gozag_cash_rules_everything_around_me,
          lemuel_round_altar, portal_sewer_entry_a, st_stairs_14,
          cheibrodos_gnoll_hut
D:4:      nemelex_xobeh_ov_fountains_minmay
D:5:      cheibrodos_helix_gallery, minmay_temple_entry_nine_rooms, first_bread,
          fedhas_altar_4, uniq_duvessa, uniq_pikel, uniq_sigmund
D:6:      lemuel_doored_altar, nicolae_for_you_no_charge, uniq_eustachio
D:7:      overflow_temple_1_default, uniq_joseph, uniq_crazy_yiuf_cottage
D:8:      kennysheep_big_flooded_room
D:9:      cheibrodos_ashenzari_chains, serial_co_window_serial,
          co_window_of_opportunity_a, co_window_of_opportunity_a,
          co_window_paths_a, co_window_paths_b, co_window_paths_b,
          co_window_corner_a, co_window_corner_a, co_window_paths_a,
          co_window_paths_b, co_window_paths_c, co_window_2corner,
          co_window_corner_b, co_window_corner_b, co_window_2corner,
          co_window_4corner_b, glass_columns_a, glass_columns_c,
          glass_columns_a, glass_columns_a, glass_columns_a
D:11:     grunt_lair_entry_orc_guard_hut, orc_david_3, special_room,
          hangedman_ranch
D:12:     serial_shops, shop, uniq_nergalle, uniq_harold, uniq_sonja
Temple:   cyrus_circular_temple
Sewer:    sewer_co_cracked_pipes

Skill      XL: |  1  2  3  4  5  6  7  8  9 10 11 |
---------------+----------------------------------+-----
Armour         | 4 5 6 8 10 12 14 15 | 15.6
Shields        | 4 5 6 7 |  7.0
Fighting       | 4 6 7 9 11 12 | 12.9
Axes           | 3 4 5 |  5.5
Maces & Flails | |  0.2

Action                   |  1- 3 |  4- 6 |  7- 9 | 10-12 || total
-------------------------+-------+-------+-------+-------++-------
Melee: War axe           |    89 |   182 |   236 |   500 ||  1007
       Headbutt          |    10 |    31 |    55 |   104 ||   200
       Flail             |       |       |     6 |       ||     6
  Use: Potion            |       |     2 |     6 |     4 ||    12
       Scroll            |       |       |    16 |     5 ||    21
  Eat: Chunk             |       |     7 |     8 |    15 ||    30
       Fruit             |       |       |     1 |       ||     1
       Meat ration       |       |       |     1 |       ||     1
Armor: Scale mail        |    52 |    89 |   136 |   198 ||   475
       Plate armour      |       |       |       |    48 ||    48
Dodge: Dodged            |    27 |    48 |   126 |   251 ||   452
Block: Shield            |    44 |   115 |   102 |    15 ||   276
       Buckler           |       |       |    21 |   171 ||   192
